 Dungeon Crawl Stone Soup version 0.26-a0-665-gefeb406119 (webtiles) character file.

Game seed: 7684122705914563454

11801 somkeydreadnuts the Cleaver (level 11, -9/100 HPs)
             Began as a Deep Dwarf Fighter on Oct 15, 2020.
             Was an Elder of Makhleb.
             Killed from afar by a raiju (13 damage)
             ... with a living lightning
             ... on level 2 of the Abyss.
             The game lasted 01:00:20 (9176 turns).

somkeydreadnuts the Cleaver (Deep Dwarf Fighter)    Turns: 9176, Time: 01:00:22

Health: -9/100     AC: 18    Str: 23    XL:     11   Next: 54%
Magic:  5/5        EV: 11    Int:  9    God:    Makhleb [****..]
Gold:   732        SH: 13    Dex: 12    Spells: 10/10 levels left

rFire    + . .     SeeInvis .   K - +1 hand axe (vorpal)
rCold    + . .     Faith    .   c - +1 kite shield
rNeg     . . .     Spirit   .   j - +0 plate armour
rPois    .         Reflect  .   (no helmet)
rElec    .         Harm     .   (no cloak)
rCorr    .         Rampage  .   v - +2 pair of gloves
MR       +++..                  F - +0 pair of boots
Stlth    ..........             d - amulet "Rorchydgh" {+Fly rF+ rC+ MR+ Regen+}
HPRegen  0.00/turn              m - ring of protection from magic
MPRegen  0.09/turn              f - +4 ring of evasion

@: non-regenerating
A: damage resistance, heal wounds, sense surroundings 2, no regeneration
a: Heal Wounds, Minor Destruction, Lesser Servant of Makhleb, Major Destruction,
Renounce Religion, Evoke Flight


You were on level 2 of the Abyss.
You worshipped Makhleb.
Makhleb was greatly pleased with you.
You visited 2 branches of the dungeon, and saw 12 of its levels.
You visited the Abyss 1 time.
You also visited: Sewer.

You collected 732 gold pieces.

Inventory:

Hand Weapons
 a - a +1 war axe
 w - a +1 vorpal flail
 J - a +0 hand axe
 K - a +1 vorpal hand axe (weapon)
 M - a +0 vorpal battleaxe
Armour
 c - a +1 kite shield (worn)
 j - a +0 plate armour (worn)
 v - a +2 pair of gloves (worn)
 F - a +0 pair of boots (worn)
Jewellery
 d - the amulet "Rorchydgh" (around neck) {+Fly rF+ rC+ MR+ Regen+}
   (You found it on level 8 of the Dungeon)

   [amulet of regeneration]

   It protects you from fire.
   It protects you from cold.
   It affects your resistance to hostile enchantments.
   It lets you fly.
   It increases your rate of regeneration.
 f - a +4 ring of evasion (right hand)
 h - an uncursed ring of ice
 m - a ring of protection from magic (left hand)
 E - an uncursed amulet of magic regeneration
 G - an uncursed ring of flight
Wands
 b - a wand of digging (4)
 z - a wand of random effects (13)
Scrolls
 e - 2 scrolls of fear
 g - 8 scrolls of remove curse
 i - a scroll of enchant weapon
 n - 10 scrolls of teleportation
 o - 2 scrolls of blinking
 q - 6 scrolls of identify
 t - 2 scrolls of enchant armour
 u - a scroll of magic mapping
 x - a scroll of summoning {unknown}
 y - a scroll of random uselessness {unknown}
 B - a scroll of holy word {unknown}
Potions
 k - 7 potions of heal wounds
 l - 2 potions of brilliance {unknown}
 r - 3 potions of curing
 s - a potion of magic
 C - 3 potions of lignification
 H - a potion of flight
 I - a potion of stabbing


   Skills:
 + Level 7.0 Fighting
 + Level 12.5 Axes
 + Level 8.5 Armour
 + Level 2.5 Dodging
 + Level 1.8 Stealth
 + Level 11.3 Shields
 + Level 1.0 Evocations


You had 10 spell levels left.
You didn't know any spells.
Your spell library contained the following spells:

 Spells                   Type           Power        Failure   Level
 Shock                    Conj/Air       #...         100%        1
 Swiftness                Air            #.......     100%        2
 Static Discharge         Conj/Air       #.......     100%        3
 Airstrike                Air            #.........   100%        4
 Lightning Bolt           Conj/Air       #.........   100%        5


Dungeon Overview and Level Annotations

Branches:
Dungeon (11/15)            Temple (1/1) D:7             Orc (0/2) D:11
  Sewer (visited)
   Lair: D:8-11

Altars:
Ashenzari
Cheibriados
Dithmenos
Elyvilon
Fedhas
Gozag
Hepliaklqana
Kikubaaqudgha
Makhleb
Nemelex Xobeh
Okawaru
Qazlal
Ru
Sif Muna
Trog
Uskayaw
Vehumet
Wu Jian
Xom
Yredelemnul
Zin
The Shining One

Shops:
D:6 [(**

Annotations:
D:7 2 transporters, SkiChan's ghost, novice MiFi
D:11 Sonja


Innate Abilities, Weirdness & Mutations

You are resistant to damage.
You can heal yourself by infusing magical energy.
You passively map the area around you.
You do not regenerate.


Message History

* * * LOW HITPOINT WARNING * * *
The living lightning hits the raiju.
The raiju completely resists.
The raiju blinks! x3
You closely miss the raiju. You hit the raiju. You block the raiju's attack.
The raiju bursts into living lightning!
The living lightning hits the raiju.
The raiju completely resists.
The living lightning hits you!
* * * LOW HITPOINT WARNING * * *
The raiju blinks! x3; The raiju bites you but does no damage. x2
You miss the raiju. You hit the raiju.
You feel yourself speed up. You block the raiju's attack.
The raiju bites you but does no damage.
You hit the raiju.
The raiju is lightly wounded.
You hit the raiju but do no damage. A chorus of shrieks assaults your mind.
* * * LOW HITPOINT WARNING * * *
The raiju bursts into living lightning!
The living lightning hits you!
You die...

#. .# ## §
#####. #.#
....#
#.#.#.#.
.h#h§.### .#.
#h##X..# ..
..
#@hXXX##...
.. ######.#
#.. ##. # ##
...#.. .#§#.
. . .
.....X#....##
... ...#.
XX..#X. . . .
. .###. XX
#.# #. ...#
.#3. # #.
....... ##.#
#.. ... ..X.
.#


You could see 4 starcursed masses and 4 raiju.

Vanquished Creatures
  Erolcha (D:10)
  2 two-headed ogres
  A cyclops (D:8)
  A komodo dragon (D:9)
  A catoblepas skeleton (Abyss:2)
  2 trolls (D:9)
  Prince Ribbit (D:5)
  A meliai zombie (D:11)
  20 yaks
  Menkaure (D:4)
  Edmund (D:4)
  A warg (D:11)
  A water moccasin (D:11)
  A sky beast (D:7)
  2 black bears (D:8)
  3 orc warriors
  3 ice beasts
  7 centaurs
  7 ogres
  Blork the orc (D:5)
  2 big kobolds
  A wyvern zombie (D:8)
  4 bullfrogs
  4 scorpions
  5 killer bees (D:10)
  8 wights
  2 quasits
  A starcursed mass (Abyss:2)
  4 hounds
  Crazy Yiuf (D:3)
  A bullfrog skeleton (D:5)
  5 jellies
  17 orc wizards
  3 orc priests
  4 iguanas
  6 worker ants
  A killer bee zombie (D:10)
  2 hound zombies
  3 hound skeletons
  A howler monkey zombie (D:10)
  2 worker ant zombies
  3 gnolls (D:5)
  A howler monkey skeleton (D:9)
  3 river rats (Sewer)
  7 adders
  2 shadow imps
  2 white imps (D:6)
  2 ufetubi (D:7)
  An ooze (D:1)
  An adder skeleton (D:8)
  2 worms (D:2)
  4 dart slugs
  10 leopard geckos
  47 orcs
  3 bats
  10 giant cockroaches
  7 goblins
  7 hobgoblins
  15 jackals
  5 quokkas
  A ball python (D:4)
  9 kobolds
  A leopard gecko skeleton (D:5)
  8 rats
286 creatures vanquished.

Vanquished Creatures (others)
  10 plants
10 creatures vanquished.

Grand Total: 296 creatures vanquished

Notes
Turn   | Place    | Note
-------+----------+-------------------------------------------
     0 | D:1      | somkeydreadnuts the Deep Dwarf Fighter began the quest for
                  | the Orb.
     0 | D:1      | Reached XP level 1. HP: 20/20 MP: 1/1
   173 | D:1      | Reached XP level 2. HP: 25/27 MP: 2/2
   501 | D:1      | Reached XP level 3. HP: 21/33 MP: 3/3
  1099 | D:2      | Found a bloodstained altar of Trog.
  1170 | D:2      | Reached skill level 3 in Axes
  1356 | D:3      | Reached XP level 4. HP: 27/42 MP: 4/4
  1412 | D:3      | Reached skill level 4 in Axes
  1412 | D:3      | Reached XP level 5. HP: 23/49 MP: 5/5
  1730 | D:3      | Found a runed translucent door.
  1731 | D:3      | Noticed Crazy Yiuf
  2045 | D:3      | Killed Crazy Yiuf
  2116 | D:4      | Noticed Menkaure
  2132 | D:4      | Killed Menkaure
  2132 | D:4      | Reached skill level 5 in Axes
  2132 | D:4      | Reached XP level 6. HP: 20/56 MP: 5/5
  2252 | D:4      | Noticed Edmund
  2270 | D:4      | Killed Edmund
  2550 | D:4      | Found a shimmering altar of Xom.
  2614 | D:4      | HP: 1/57 [ogre/+0 giant club (5)]
  2623 | D:4      | Reached skill level 6 in Axes
  2623 | D:4      | Reached skill level 5 in Shields
  2623 | D:4      | Reached XP level 7. HP: 22/64 MP: 5/5
  2866 | D:5      | Entered Level 5 of the Dungeon
  3002 | D:5      | Noticed Prince Ribbit
  3005 | D:5      | HP: 2/64 [Prince Ribbit (7)]
  3009 | D:5      | Killed Prince Ribbit
  3009 | D:5      | Reached skill level 5 in Armour
  3009 | D:5      | Reached skill level 1 in Dodging
  3222 | D:5      | Reached skill level 7 in Axes
  3261 | D:5      | Reached XP level 8. HP: 35/73 MP: 6/6
  3330 | D:5      | Noticed Blork the orc
  3342 | D:5      | Killed Blork the orc
  3803 | D:6      | Found a glowing drain.
  3820 | Sewer    | Entered a sewer
  3982 | Sewer    | Found a glowing silver altar of Zin.
  4098 | D:6      | Found Pemups's General Store.
  4125 | D:6      | Found Kibu's Assorted Antiques.
  4272 | D:6      | Reached skill level 8 in Axes
  4497 | D:6      | Found Peragg's Antique Armour Emporium.
  4653 | D:6      | Found Vinkan's Antique Weapon Boutique.
  4838 | D:7      | Found a transporter.
  4884 | D:7      | Reached skill level 5 in Fighting
  4938 | D:7      | Found a staircase to the Ecumenical Temple.
  4951 | D:7      | Gained mutation: You passively map the area around you.
                  | [Deep Dwarf growth]
  4951 | D:7      | Reached XP level 9. HP: 26/81 MP: 7/7
  5115 | D:7      | Reached skill level 9 in Axes
  5262 | D:7      | Found an opulent altar of Gozag.
  5373 | D:7      | Found a transporter.
  5402 | D:7      | Noticed SkiChan's ghost (novice MiFi)
  5483 | Temple   | Entered the Ecumenical Temple
  5642 | Temple   | Became a worshipper of Makhleb the Destroyer
  5897 | D:8      | Noticed a two-headed ogre
  5912 | D:8      | Killed a two-headed ogre
  5912 | D:8      | Reached skill level 10 in Axes
  6049 | D:8      | Noticed a cyclops
  6073 | D:8      | Reached skill level 1 in Stealth
  6080 | D:8      | Killed a cyclops
  6080 | D:8      | Reached skill level 1 in Evocations
  6080 | D:8      | Reached XP level 10. HP: 62/88 MP: 6/6
  6119 | D:8      | Got a vibrating lead amulet
  6120 | D:8      | Identified the amulet "Rorchydgh" {+Fly rF+ rC+ MR+ Regen+}
                  | (You found it on level 8 of the Dungeon)
  6224 | D:8      | Found a stormy altar of Qazlal.
  6629 | D:9      | Found a burning altar of Makhleb.
  6719 | D:9      | Reached * piety under Makhleb
  7265 | D:10     | Entered Level 10 of the Dungeon
  7456 | D:10     | Reached ** piety under Makhleb
  7490 | D:10     | Reached skill level 11 in Axes
  7493 | D:10     | Reached skill level 10 in Shields
  7727 | D:10     | Noticed Erolcha
  7742 | D:10     | Killed Erolcha
  7742 | D:10     | Reached XP level 11. HP: 69/97 MP: 6/6
  7782 | D:10     | Reached skill level 12 in Axes
  8199 | D:10     | Noticed a two-headed ogre
  8215 | D:10     | Killed a two-headed ogre
  8455 | D:11     | Reached *** piety under Makhleb
  8566 | D:11     | Found a staircase to the Orcish Mines.
  8752 | D:11     | Reached **** piety under Makhleb
  8872 | D:11     | Noticed Sonja
  8910 | D:11     | Cast into level 2 of the Abyss (Sonja)
  8913 | Abyss:2  | Noticed a red very ugly thing
  8913 | Abyss:2  | Noticed a deep elf mage
  8913 | Abyss:2  | Noticed a bone dragon
  8914 | Abyss:2  | Found a corrupted altar of Lugonu.
  8914 | Abyss:2  | Noticed a wretched star
  8914 | Abyss:2  | Noticed a tentacled monstrosity
  8915 | Abyss:2  | Noticed a sea snake
  8915 | Abyss:2  | Noticed a tentacled starspawn
  8915 | Abyss:2  | Noticed a starcursed mass
  8915 | Abyss:2  | Noticed a tentacled starspawn
  9144 | Abyss:2  | Noticed a starcursed mass
  9155 | Abyss:2  | Noticed a sixfirhy
  9165 | Abyss:2  | Paralysed by accursed screaming for 2 turns
  9176 | Abyss:2  | HP: 4/100 [starcursed mass/accursed screaming (2)]
  9176 | Abyss:2  | Killed from afar by a raiju

Illustrated notes

Levels and vault maps discovered:
D:1:      psy_arrival_conway, layout_loops_ring, skrybe_limestone_x,
          chequers_serial_rivers_micro_a, hangedman_abyss_or_decor_lesser_grid
D:2:      layout_basic, bloody_trog, grunt_decor_fettered
D:3:      layout_loops_ring, kennysheep_generic_room_12, uniq_crazy_yiuf_cottage
D:4:      layout_rooms, lemuel_round_altar, serial_forest,
          infiniplex_forest_lined_room_2, infiniplex_forest_end_2,
          infiniplex_forest_clump_diagonal, infiniplex_forest_clump_small,
          infiniplex_forest_lined_corner, infiniplex_forest_end_2,
          infiniplex_forest_clump_tiny, hangedman_minor_gate_pass, uniq_edmund,
          uniq_menkaure
D:5:      wander_river, layout_basic, serial_rivers,
          chequers_serial_rivers_small_3, chequers_serial_rivers_large_b,
          chequers_serial_rivers_small_b, chequers_serial_rivers_room_a,
          uniq_blork_the_orc, uniq_prince_ribbit1
D:6:      layout_loops_ring, portal_sewer_entry_f, serial_shops,
          kennysheep_mini, shop, shop, shop, small_statue_intersection
D:7:      layout_rooms, marbit_many_paths, temple_pool_b,
          gammafunk_ghost_mausoleum
D:8:      layout_loops_ring, grunt_qazlal_clouds, minmay_microvault
D:9:      layout_long_grid, bloody_makhleb
D:10:     layout_layer_cave, uniq_erolcha
D:11:     layout_loops_ring, david_lair_shrubbed, erik_orc_3,
          serial_bayou_pond_b, uniq_sonja
Temple:   hc_temple_tempest_star
Abyss:2:  base: D:6, gammafunk_corrupted_shrine

Skill      XL: |  1  2  3  4  5  6  7  8  9 10 11 |
---------------+----------------------------------+-----
Fighting       | 3 4 5 6 7 |  7.0
Axes           | 3 4 5 6 7 8 10 11 12 | 12.5
Shields        | 4 5 7 9 10 11 | 11.3
Armour         | 4 5 6 7 8 |  8.5
Dodging        | 1 2 |  2.5
Stealth        | 1 |  1.8
Evocations     | 1 |  1.0

Action                   |  1- 3 |  4- 6 |  7- 9 | 10-12 || total
-------------------------+-------+-------+-------+-------++-------
Melee: War axe           |   110 |   133 |   423 |   469 ||  1135
       Hand axe          |       |       |       |   121 ||   121
Invok: Minor Destruction |       |       |       |     1 ||     1
 Abil: Heal Wounds       |       |     4 |     9 |    10 ||    23
Evoke: Wand              |       |       |     4 |       ||     4
  Use: Scroll            |       |     2 |     5 |    13 ||    20
       Potion            |       |       |    11 |     2 ||    13
Armor: Scale mail        |    17 |       |       |       ||    17
       Plate armour      |    29 |    40 |   185 |   240 ||   494
Dodge: Dodged            |    19 |    34 |   143 |   207 ||   403
Block: Kite shield       |    66 |    62 |   266 |   347 ||   741

Table legend: (Time is in decaauts)
 A = Elapsed time spent in this place.
 B = Non-inter-level travel time spent in this place.
 C = Inter-level travel time spent in this place.
 D = Time resting spent in this place.
 E = Time spent auto-exploring this place.
 F = Levels seen in this place.
 G = Mean time per level.
                   A        B        C        D        E       F      G
               +--------+--------+--------+--------+--------+-----+--------+
         Total |   9365 |   9124 |    241 |      0 |   5127 |  14 |  668.9 |
       Dungeon |   8591 |   8419 |    172 |      0 |   4976 |  11 |  781.0 |
        Temple |    251 |    182 |     69 |      0 |      1 |   1 |  251.0 |
         Abyss |    266 |    266 |      0 |      0 |     55 |   1 |  266.0 |
         Sewer |    256 |    256 |      0 |      0 |     94 |   1 |  256.0 |
               +--------+--------+--------+--------+--------+-----+--------+

Top non-repeatable levels by time:
    D:10: 1091 daAuts
     D:5: 967 daAuts
     D:3: 802 daAuts
     D:7: 783 daAuts
     D:6: 776 daAuts
     D:4: 768 daAuts
     D:9: 764 daAuts
     D:1: 752 daAuts
     D:8: 728 daAuts
     D:2: 641 daAuts
    D:11: 514 daAuts
 Abyss:2: 266 daAuts
   Sewer: 256 daAuts
  Temple: 251 daAuts
